 Dungeon Crawl Stone Soup version 0.31-a0-339-gda1cbd555d (webtiles) character file.

Game seed: 17575743383060721206

20472 Gelion the Mimic (level 12, -8/133 HPs)
             Began as a Troll Shapeshifter on July 21, 2023.
             Was an Initiate of Gozag.
             Mangled by a skyshark (23 damage)
             ... on level 2 of the Lair of Beasts.
             The game lasted 00:28:38 (12348 turns).

Gelion the Mimic (Troll Shapeshifter)              Turns: 12348, Time: 00:28:38

Health: -8/133     AC:  4    Str: 26    XL:     12   Next: 45%
Magic:  11/11      EV: 10    Int:  4    God:    Gozag
Gold:   1122       SH:  0    Dex: 14    Spells: 11/11 levels left

rFire   . .          .
                       - Unarmed
rCold   . . .        (shield currently unavailable)
rNeg    + . .        a - +1 animal skin
rPois   .            (helmet restricted)
rElec   .            b - +0 cloak
rCorr   .            (gloves unavailable)
SInv    .            (boots unavailable)
Will    +....        (no amulet)
Stlth   +            l - ring of willpower
HPRegen 1.22/turn    n - ring of positive energy
MPRegen 0.12/turn

%: no passive effects
@: blade hands, hasted, studying Fighting, very quick
A: large, unfitting armour, claws 3, regeneration 1, shaggy fur 1, tough skin 1
a: Begin Untransformation, Renounce Religion, Potion Petition, Call Merchant,
Bribe Branch


You were on level 2 of the Lair of Beasts.
You worshipped Gozag.
Gozag was most pleased with you.
You had blades for hands.
You visited 2 branches of the dungeon, and saw 14 of its levels.
You also visited: Ossuary.

You collected 2585 gold pieces.
You spent 1417 gold pieces at shops.
You paid 46 gold pieces to Gozag.

Inventory:

Missiles
 c - 6 large rocks
 z - 3 throwing nets
Armour
 a - a +1 animal skin (worn)
 b - a +0 cloak (worn)
Jewellery
 l - a ring of willpower (left blade hand)
 n - a ring of positive energy (right blade hand)
 G - a ring of flight
Talismans
 g - a storm talisman
 H - a blade talisman
Wands
 m - a wand of charming (17)
 p - a wand of flame (17)
 q - a wand of mindburst (8)
 D - a wand of roots (4)
Scrolls
 f - 3 scrolls of fog
 h - 2 scrolls of poison
 i - a scroll of revelation
 r - 2 scrolls of amnesia
 y - 5 scrolls of teleportation
 A - 2 scrolls of immolation
Potions
 d - 3 potions of brilliance
 j - 4 potions of enlightenment
 o - 2 potions of cancellation
 s - 9 potions of curing
 t - a potion of resistance
 u - a potion of magic
 v - 2 potions of attraction
 B - 2 potions of mutation
 C - a potion of ambrosia


   Skills:
 + Level 12.3 Fighting
 - Level 1.5 Dodging
 + Level 11.0 Unarmed Combat
 * Level 12.8 Shapeshifting


You had 11 spell levels left.
You didn't know any spells.
Your spell library contained the following spells:

 Spells                   Type           Power      Damage    Failure   Level
 Apportation              Tloc           0%         N/A       87%         1
 Necrotise                Necr           0%         1d4       87%         1
 Shock                    Conj/Air       0%         1d3       87%         1
 Summon Small Mammal      Summ           0%         N/A       87%         1
 Dazzling Flash           Conj/Hex       0%         N/A       99%         3
 Hailstorm                Conj/Ice       0%         3d3       99%         3
 Swiftness                Air            0%         N/A       99%         3
 Volatile Blastmotes      Fire/Tloc      0%         2d10      99%         3
 Airstrike                Air            0%         2d(0-16)  100%        4
 Summon Ice Beast         Ice/Summ       0%         N/A       100%        4
 Starburst                Conj/Fire      0%         6d3       100%        6
 Maxwell's Capacitive Co  Air            0%         ∞         100%        8
 Simulacrum               Ice/Necr       Unusable   N/A       N/A         6

Dungeon Overview and Level Annotations

Branches:
Dungeon (12/15)            Temple (0/1) D:5            Lair (2/5) D:10
 Spider (0/4) Lair:2          Orc (0/2) D:9         Ossuary (visited)
  Swamp: Lair:2-3    Shoals: Lair:2-3

Altars:
Cheibriados
Fedhas
Gozag
Hepliaklqana
Ru
Sif Muna
Uskayaw
Wu Jian
Zin
The Shining One

Shops:
D:1 :[*(   D:8 *

Annotations:
D:8 1 runed translucent door, howech's ghost, novice MiBe


Innate Abilities, Weirdness & Mutations

You have blades for hands.
Your spellcasting is less reliable in this form.
You are incapable of wielding weapons or throwing items.
You are too large for most types of armour.
You have claws for hands.
Your natural rate of healing is unusually fast.
You are covered in fur. (AC +1)
You have tough skin. (AC +1)


Message History

You slash the skyshark!
The skyshark is lightly wounded.
The skyshark closely misses you. x3
You hit the skyshark.
The skyshark is moderately wounded.
The skyshark bites you.
The skyshark tastes blood and grows stronger!
The skyshark tail-slaps you. The skyshark barely misses you.
You closely miss the skyshark.
You slash the skyshark, but do no damage.
The skyshark is moderately wounded.
The skyshark bites you!
The skyshark enters a blood-rage!
The skyshark closely misses you. The skyshark tail-slaps you.
You slice the skyshark!! Your slash misses the skyshark.
The skyshark is heavily wounded.
The skyshark barely misses you. The skyshark tail-slaps you.
The skyshark tail-slaps you!
You shred the skyshark!!!
The skyshark is almost dead.
The skyshark bites you! The skyshark tail-slaps you!
The skyshark barely misses you.
You closely miss the skyshark.
The skyshark is severely wounded.
The skyshark bites you!! The skyshark tail-slaps you.
The skyshark tail-slaps you!
You are too injured to fight recklessly!
You feel yourself speed up. The skyshark bites you!
* * * LOW HITPOINT WARNING * * *
The skyshark tail-slaps you.
* * * LOW HITPOINT WARNING * * *
The skyshark completely misses you. The skyshark bites you!!
* * * LOW HITPOINT WARNING * * *
The skyshark tail-slaps you.
* * * LOW HITPOINT WARNING * * *
The skyshark tail-slaps you.
* * * LOW HITPOINT WARNING * * *
Okay, then.
You feel better. The skyshark bites you!!
You die...
Your body crumbles into a pile of gold.

.....................##
.........##..>.........
..................#.....
........................
....................##..
P..##.P##..##..##.###..
###........#......##P..
##.......#........###..>
#......@.#.........###..
.......l.#.....#........
##.(.....##...#...#.....
.P.......##.#.#.....#...
.P.....<.#......P.##....
.#..#.##.#P...P#.+.# .
.P..#. #+#.......... ...
.. ........ ......
...............


You could see a skyshark (berserk).

Vanquished Creatures
  A pharaoh ant (Lair:2)
  A deep elf pyromancer (D:12)
  An ugly thing (D:11)
  A cyclops (D:12)
  12 elephants
  A black mamba (Lair:1)
  2 gargoyles
  Psyche (D:9)
  A cane toad (Lair:2)
  6 komodo dragons
  3 polar bears (Lair:1)
  5 trolls
  6 blink frogs
  A jumping spider (Lair:2)
  3 shadows
  A wyvern (D:10)
  15 yaks
  A basilisk (D:11)
  2 redbacks (Lair:2)
  3 wargs (D:10)
  7 water moccasins
  An acid dragon (D:9)
  2 orc warriors
  2 black bears
  3 ogres
  6 centaurs
  2 phantoms (D:5)
  Blork the orc (D:5)
  A kobold brigand (D:8)
  4 bullfrogs
  A gnoll sergeant (D:11)
  A scorpion (D:7)
  16 wights
  5 killer bees (D:9)
  9 howler monkeys
  2 jellies
  6 hounds
  A human zombie (Ossuary)
  9 orc priests
  A gnoll bouda (D:6)
  3 iguanas
  6 orc wizards
  2 hound zombies (Ossuary)
  4 mummies (Ossuary)
  14 gnolls
  8 adders
  4 white imps
  An adder zombie (Ossuary)
  A worm (D:2)
  5 dart slugs
  28 orcs
  7 ball pythons
  6 endoplasms
  2 giant cockroaches
  A gnoll zombie (Ossuary)
  4 goblins
  8 hobgoblins
  10 jackals
  2 quokkas (D:1)
  2 bats (D:1)
  3 frilled lizards
  A hobgoblin zombie (Ossuary)
  2 jackal zombies (Ossuary)
  11 kobolds
  3 kobold zombies (Ossuary)
  9 rats
  A rat zombie (Ossuary)
295 creatures vanquished.

Vanquished Creatures (collateral kills)
  2 howler monkeys (D:9)
2 creatures vanquished.

Grand Total: 297 creatures vanquished

Notes
Turn   | Place    | Note
-------+----------+-------------------------------------------
     0 | D:1      | Gelion the Troll Shapeshifter began the quest for the Orb.
     0 | D:1      | Reached XP level 1. HP: 18/18 MP: 0/0
   209 | D:1      | Reached skill level 1 in Fighting
   215 | D:1      | Reached XP level 2. HP: 27/27 MP: 1/1
   252 | D:1      | Found Xap Wib's Assorted Antiques.
   294 | D:1      | Found Douffopn's Book Shop.
   403 | D:1      | Found Cydghuosh's Weapon Shoppe.
   541 | D:1      | Found Rebama's Armour Boutique.
   841 | D:2      | Reached XP level 3. HP: 25/33 MP: 2/2
   915 | D:2      | Found a faded altar of an unknown god.
  1115 | D:2      | Reached XP level 4. HP: 41/41 MP: 3/3
  1359 | D:3      | Identified the +3 spear "Fediess" {antimagic, rF+ SInv}
  1775 | D:3      | Identified a scroll of acquirement
  1775 | D:3      | Acquired a manual of Fighting
  1864 | D:4      | Reached XP level 5. HP: 38/49 MP: 4/4
  2222 | D:4      | Reached XP level 6. HP: 57/61 MP: 5/5
  2254 | D:4      | Found a large runed translucent door.
  2258 | D:4      | Found a large runed translucent door.
  2407 | D:4      | Found a glowing golden altar of the Shining One.
  2675 | D:4      | Found an ornate altar of the Wu Jian Council.
  2683 | D:4      | Found an opulent altar of Gozag.
  2691 | D:4      | Became a worshipper of Gozag Ym Sagoz the Greedy
  2737 | D:5      | Entered Level 5 of the Dungeon
  2819 | D:5      | Found a staircase to the Ecumenical Temple.
  2820 | D:5      | Noticed a water moccasin
  2821 | D:5      | Noticed Blork the orc
  2836 | D:5      | Killed a water moccasin
  2837 | D:5      | Reached skill level 5 in Shapeshifting
  2848 | D:5      | Killed Blork the orc
  2854 | D:5      | Reached XP level 7. HP: 50/68 MP: 6/6
  3073 | D:5      | Reached skill level 5 in Unarmed Combat
  3141 | D:5      | Found a sacrificial altar of Ru.
  3142 | D:5      | Found a shimmering blue altar of Sif Muna.
  3144 | D:5      | Found a snail-covered altar of Cheibriados.
  3144 | D:5      | Found a blossoming altar of Fedhas.
  3209 | D:5      | Found a hazy altar of Hepliaklqana.
  3519 | D:5      | Reached skill level 5 in Fighting
  3712 | D:6      | Reached XP level 8. HP: 80/80 MP: 7/7
  3778 | D:6      | Found a sand-covered staircase.
  3786 | Ossuary  | Entered an ossuary
  4830 | D:7      | Reached XP level 9. HP: 39/88 MP: 8/8
  5571 | D:8      | Noticed howech's ghost (novice MiBe)
  5572 | D:8      | Found a runed translucent door.
  5635 | D:8      | Found Zin's Purification Station.
  5640 | D:8      | Found a glowing silver altar of Zin.
  5690 | D:8      | Found a hide-covered altar of Uskayaw.
  6255 | D:9      | Noticed a troll
  6255 | D:9      | Noticed Psyche
  6276 | D:9      | Killed Psyche
  6462 | D:9      | Found a staircase to the Orcish Mines.
  6742 | D:9      | Reached XP level 10. HP: 34/106 MP: 9/9
  7591 | D:10     | Entered Level 10 of the Dungeon
  7707 | D:10     | Found a staircase to the Lair.
  8062 | D:10     | Noticed a gargoyle
  8075 | D:10     | Killed a gargoyle
  8076 | D:10     | Reached skill level 10 in Shapeshifting
  8624 | Lair:1   | Entered Level 1 of the Lair of Beasts
  8635 | Lair:1   | Noticed a black mamba
  8643 | Lair:1   | Killed a black mamba
  8737 | Lair:1   | Found a glowing golden altar of the Shining One.
  8773 | Lair:1   | Noticed an elephant
  8773 | Lair:1   | Noticed an elephant
  8773 | Lair:1   | Noticed an elephant
  8774 | Lair:1   | Noticed an elephant
  9004 | D:1      | Bought a smoky ruby potion for 22 gold pieces
  9004 | D:1      | Bought a scroll labelled HUDEYT ZOMY for 25 gold pieces
  9004 | D:1      | Bought a marble ring for 125 gold pieces
  9004 | D:1      | Bought a shiny coral ring for 125 gold pieces
  9026 | D:1      | Bought a manual of Fighting for 1120 gold pieces
  9234 | D:11     | Reached skill level 10 in Fighting
  9303 | D:11     | Noticed a white ugly thing
  9320 | D:11     | Killed a white ugly thing
  9321 | D:11     | Reached XP level 11. HP: 81/117 MP: 10/10
 10145 | D:12     | Noticed a deep elf pyromancer
 10267 | D:12     | Killed a deep elf pyromancer
 10399 | D:10     | Reached skill level 10 in Unarmed Combat
 10919 | Lair:1   | Reached XP level 12. HP: 109/130 MP: 11/11
 11459 | Lair:1   | You fall into a shaft and drop 1 floor!
 12227 | Lair:2   | Found a hole to the Spider Nest.
 12347 | Lair:2   | HP: 5/133 [skyshark (2)]
 12348 | Lair:2   | Mangled by a skyshark

Illustrated notes

Levels and vault maps discovered:
D:1:      dpeg_arrival_erosion, layout_loops_ring, serial_shops, shop, shop,
          nicolae_shop_rolling_square, nicolae_square_shop
D:2:      layout_basic, hellmonk_ecumenical_altar_lost_god
D:3:      layout_basic
D:4:      layout_loops_corners, mainiacjoe_overflow_chevrons,
          jmf_multi_god_temple2
D:5:      layout_basic, nzn_hepliaklqana_mist_gate,
          mainiacjoe_overflow_alcove_3, minmay_temple_entry_statues_pillars,
          uniq_blork_the_orc
D:6:      layout_loops_ring, nicolae_ossuary_entry_false_entrances
D:7:      layout_loops_ring
D:8:      black_bear_nest_2, layout_basic, zin_purify,
          mainiacjoe_overflow_boulevard, hellmonk_ghost_happy_afterlife,
          hangedman_decor_opposing
D:9:      layout_loops_cross, orc_david_3, uniq_psyche
D:10:     layout_grid_maze, erik_lair_orcish_takeover
D:11:     layout_rooms, minmay_misc_feat_encased
D:12:     layout_cave_pools
Lair:1:   layout_hall_layers, nicolae_quartered_pool_impasse,
          lemuel_centaur_altar, grunt_megastairs_5
Lair:2:   layout_regular_city, nicolae_spider_entry_lesser_pyramids,
          ldierk_geyser

Skill      XL: |  1  2  3  4  5  6  7  8  9 10 11 12 |
---------------+-------------------------------------+-----
Fighting       | 1 2 3 5 6 8 10 11 12 | 12.3
Shapeshifting  | 4 5 6 7 9 10 12 | 12.8
Unarmed Combat | 4 5 6 7 9 10 11 | 11.0
Dodging        | |  1.5

Action                     |  1- 3 |  4- 6 |  7- 9 | 10-12 || total
---------------------------+-------+-------+-------+-------++-------
  Melee: Unarmed           |    77 |   101 |   270 |   319 ||   767
         Punch             |     1 |     3 |    13 |    25 ||    42
  Evoke: Wand              |       |     9 |     1 |     6 ||    16
    Use: Scroll            |       |     9 |    13 |     6 ||    28
         Potion            |       |     4 |     1 |     6 ||    11
   Stab: Distracted        |     1 |     1 |     1 |     3 ||     6
         Sleeping          |       |     1 |       |       ||     1
 Armour: Animal skin       |    23 |    21 |    65 |    42 ||   151
         Skin              |       |    16 |       |       ||    16
  Dodge: Dodged            |    24 |    34 |   110 |   148 ||   316
   Form: Blade             |       |       |       |     1 ||     1

Table legend: (Time is in decaauts)
 A = Elapsed time spent in this place.
 B = Non-inter-level travel time spent in this place.
 C = Inter-level travel time spent in this place.
 D = Time resting spent in this place.
 E = Time spent auto-exploring this place.
 F = Levels seen in this place.
 G = Mean time per level.
                   A        B        C        D        E       F      G
               +--------+--------+--------+--------+--------+-----+--------+
         Total |  12265 |  11090 |   1175 |    533 |   8515 |  15 |  817.7 |
       Dungeon |  10104 |   9048 |   1056 |    415 |   7056 |  12 |  842.0 |
          Lair |   1965 |   1847 |    118 |    118 |   1332 |   2 |  982.5 |
       Ossuary |    195 |    195 |      0 |      0 |    127 |   1 |  195.0 |
               +--------+--------+--------+--------+--------+-----+--------+

Top non-repeatable levels by time:
  Lair:1: 1742 daAuts
    D:10: 1527 daAuts
     D:9: 1162 daAuts
     D:5: 1003 daAuts
     D:4: 997 daAuts
     D:8: 968 daAuts
     D:6: 915 daAuts
    D:11: 832 daAuts
     D:1: 807 daAuts
     D:7: 730 daAuts
     D:3: 564 daAuts
     D:2: 541 daAuts
  Lair:2: 223 daAuts
 Ossuary: 195 daAuts
    D:12: 53 daAuts
